 Dungeon Crawl Stone Soup version 0.29.1-15-g9cfb28693d (webtiles) character file.

Game seed: 6788111979079883781

254 promet the Shield-Bearer (level 6, -4/53 HPs)
             Began as a Gnoll Fighter on Apr 7, 2023.
             Was an Initiate of Makhleb.
             Killed by divine providence
             ... invoked by an orc priest
              (17 damage)
             ... on level 4 of the Dungeon.
             The game lasted 00:09:48 (2684 turns).

promet the Shield-Bearer (Gnoll Fighter)            Turns: 2684, Time: 00:09:48

Health: -4/53      AC: 15    Str: 16    XL:     6   Next: 14%
Magic:  8/8        EV:  5    Int:  9    God:    Makhleb [......]
Gold:   182        SH:  0    Dex: 11    Spells: 8/8 levels left

rFire   . . .      SeeInvis .   a - +13 scythe of Curses {drain, Drain}
rCold   . . .      Faith    .   (shield currently unavailable)
rNeg    . . .      Spirit   .   o - +0 plate armour
rPois   .          Reflect  .   k - +0 helmet
rElec   .          Harm     .   (no cloak)
rCorr   .          Rampage  .   e - +0 pair of gloves
Will    .....                   (no boots)
Stlth   ..........              (no amulet)
HPRegen 0.17/turn               (no ring)
MPRegen 0.11/turn               (no ring)

@: no status effects
A: fangs 1, strong nose, distributed training
a: Renounce Religion


You were on level 4 of the Dungeon.
You worshipped Makhleb.
Makhleb was noncommittal.
You visited 1 branch of the dungeon, and saw 4 of its levels.

You collected 212 gold pieces.
You spent 30 gold pieces at shops.

Inventory:

Hand Weapons
 a - the +13 scythe of Curses (weapon) {drain, Drain}
   (You acquired it on level 1 of the Dungeon)

   A truly terrible weapon, it drains the life of any living foe it strikes.
   It inflicts powerful necromantic curses on any living foe it strikes.
   Drain:     It drains your maximum health when unequipped.
 l - a +0 trident
 n - a +0 sling
Missiles
 i - a throwing net
 j - 15 stones (quivered)
Armour
 b - a +0 scale mail
 c - a +0 buckler
 e - a +0 pair of gloves (worn)
 k - a +0 helmet (worn)
 o - a +0 plate armour (worn)
Jewellery
 f - a ring of ice
 g - an amulet of faith
 m - a ring of fire
Scrolls
 p - a scroll of teleportation
 u - a scroll of enchant armour {unknown}
 v - a scroll of identify
Potions
 d - 3 potions of might
 h - 2 potions of brilliance
 q - a potion of cancellation
 r - 3 potions of curing {unknown}
 s - 2 potions of degeneration {unknown}
 t - a potion of flight {unknown}
 w - a potion of attraction {unknown}


   Skills:
 + Level 6.8 Fighting
 + Level 1.9 Short Blades
 + Level 1.9 Long Blades
 + Level 1.9 Axes
 + Level 1.9 Maces & Flails
 + Level 4.9 Polearms
 + Level 1.9 Staves
 + Level 1.9 Ranged Weapons
 + Level 1.9 Throwing
 + Level 6.8 Armour
 + Level 1.9 Dodging
 + Level 1.9 Stealth
 + Level 6.8 Shields
 + Level 1.9 Unarmed Combat
 + Level 1.9 Spellcasting
 + Level 1.5 Conjurations
 + Level 1.5 Hexes
 + Level 1.5 Summonings
 + Level 1.5 Necromancy
 + Level 1.5 Translocations
 + Level 1.5 Transmutations
 + Level 1.5 Fire Magic
 + Level 1.5 Ice Magic
 + Level 1.5 Air Magic
 + Level 1.5 Earth Magic
 + Level 1.5 Poison Magic
 + Level 2.1 Invocations
 + Level 1.9 Evocations


You had 8 spell levels left.
You didn't know any spells.
Your spell library contained the following spells:

 Spells                   Type           Power      Damage    Failure   Level
 Foxfire                  Conj/Fire      12%        2x1d4     100%        1
 Necrotise                Necr           12%        1d4       100%        1
 Ensorcelled Hibernation  Hex/Ice        6%         N/A       100%        2
 Passwall                 Tmut/Erth      2%         N/A       100%        2
 Call Canine Familiar     Summ           3%         N/A       100%        3
 Conjure Flame            Conj/Fire      3%         6-21      100%        3
 Gell's Gravitas          Tloc           3%         N/A       100%        3
 Lesser Beckoning         Tloc           3%         N/A       100%        3
 Swiftness                Air            3%         N/A       100%        3
 Teleport Other           Tloc           3%         N/A       100%        3
 Vampiric Draining        Necr           3%         2d6       100%        3
 Agony                    Necr           3%         N/A       100%        5
 Summon Forest            Summ/Tloc      1%         N/A       100%        5
 Summon Horrible Things   Summ           1%         N/A       100%        8


Dungeon Overview and Level Annotations

Branches:
Dungeon (4/15)
 Temple: D:4-7

Altars:
Makhleb
Qazlal
Vehumet

Shops:
D:2 ?


Innate Abilities, Weirdness & Mutations

You have very sharp teeth.
Your uncanny sense of smell can sniff out nearby items.
Your experience applies equally to all skills.


Message History

The orc shouts!
An orc and an orc priest come into view.
The orc shouts!
The orc priest shouts!
You bump into the rock wall.
You bump into the rock wall.
The orc throws a boomerang.
The boomerang hits you but does no damage.
You're too confused to move!
The orc priest invokes the aid of Beogh against you.
Beogh smites you!
The orc wizard hits you with a +0 dagger.
The orc priest miscasts a cantrip.
You bump into the rock wall.
The orc wizard hits you but does no damage.
The orc barely misses you. The orc hits you but does no damage.
You bump into the rock wall.
You feel less confused.
The orc wizard hits you but does no damage.
The orc barely misses you. The orc hits you but does no damage.
You slash the orc wizard!
You kill the orc wizard!
Makhleb accepts your kill. The orc hits you but does no damage.
The orc hits you with a +0 dagger. The orc priest barely misses you.
The orc hits you with a +0 dagger. The orc hits you with a +0 flail.
You slash the orc priest!
The orc priest is almost dead.
The orc priest mumbles some strange prayers to Beogh against you.
Pain shoots through your body! The orc hits you but does no damage. x4
The orc priest barely misses you.
You completely miss the orc priest. Your bite misses the orc priest.
The orc priest is almost dead.
The orc priest invokes the aid of Beogh against you.
Beogh smites you!
* * * LOW HITPOINT WARNING * * *
The orc hits you but does no damage. x2
You barely miss the orc priest.
The orc priest is almost dead.
The orc priest mumbles some strange prayers to Beogh against you.
Beogh smites you!
You die...

#.## #...#
..# ###.###
.## #...# .#
###.# # .#
#.#### .# ##
#....#####.##
####...#....#
# ###.#o...#
# #.@o...#
########
###o...#
.......# ∆
....#
.......#
...##
......^# ...#
.......# .
...#
..#####..
.... ..# .##.
............
#...###.#..
............
.#


You could see an orc priest and 2 orcs.

Vanquished Creatures
  A bullfrog (D:4)
  An orc priest (D:4)
  2 orc wizards (D:4)
  2 adders (D:3)
  3 gnolls (D:4)
  A worm (D:2)
  A dart slug (D:3)
  10 orcs
  5 ball pythons
  3 bats
  2 endoplasms
  2 giant cockroaches
  5 goblins
  4 hobgoblins
  3 kobolds
  A quokka (D:2)
  2 frilled lizards (D:1)
  6 rats
54 creatures vanquished.

Notes
Turn   | Place    | Note
-------+----------+-------------------------------------------
     0 | D:1      | promet the Gnoll Fighter began the quest for the Orb.
     0 | D:1      | Reached XP level 1. HP: 23/23 MP: 1/1
   343 | D:1      | Reached XP level 2. HP: 29/29 MP: 2/2
   514 | D:1      | Found a faded altar of an unknown god.
   573 | D:1      | Identified a scroll of acquirement
   573 | D:1      | Acquired the +13 scythe of Curses {drain, Drain}
   573 | D:1      | Found the +13 scythe of Curses {drain, Drain}
   791 | D:2      | Found Ywubaegh's Magic Scroll Boutique.
   799 | D:2      | Bought a scroll of teleportation for 30 gold pieces
  1004 | D:2      | Reached XP level 3. HP: 35/35 MP: 3/3
  1244 | D:3      | Found a stormy altar of Qazlal.
  1484 | D:3      | Got the Verses on Incandescent Accompaniment
  1626 | D:3      | Reached skill level 1 in Invocations
  1643 | D:3      | Found a radiant altar of Vehumet.
  1680 | D:3      | Reached skill level 1 in Short Blades
  1680 | D:3      | Reached skill level 1 in Long Blades
  1680 | D:3      | Reached skill level 1 in Axes
  1680 | D:3      | Reached skill level 1 in Maces & Flails
  1680 | D:3      | Reached skill level 1 in Staves
  1680 | D:3      | Reached skill level 1 in Ranged Weapons
  1680 | D:3      | Reached skill level 1 in Throwing
  1680 | D:3      | Reached skill level 1 in Dodging
  1680 | D:3      | Reached skill level 1 in Stealth
  1680 | D:3      | Reached skill level 1 in Unarmed Combat
  1680 | D:3      | Reached skill level 1 in Spellcasting
  1680 | D:3      | Reached skill level 1 in Evocations
  1811 | D:3      | Reached XP level 4. HP: 41/41 MP: 5/5
  2093 | D:4      | Reached skill level 1 in Conjurations
  2093 | D:4      | Reached skill level 1 in Hexes
  2093 | D:4      | Reached skill level 1 in Summonings
  2093 | D:4      | Reached skill level 1 in Necromancy
  2093 | D:4      | Reached skill level 1 in Translocations
  2093 | D:4      | Reached skill level 1 in Transmutations
  2093 | D:4      | Reached skill level 1 in Fire Magic
  2093 | D:4      | Reached skill level 1 in Ice Magic
  2093 | D:4      | Reached skill level 1 in Air Magic
  2093 | D:4      | Reached skill level 1 in Earth Magic
  2093 | D:4      | Reached skill level 1 in Poison Magic
  2098 | D:4      | Reached XP level 5. HP: 21/47 MP: 5/7
  2398 | D:4      | Found a burning altar of Makhleb.
  2426 | D:4      | Became a worshipper of Makhleb the Destroyer
  2616 | D:4      | Reached XP level 6. HP: 52/53 MP: 8/8
  2684 | D:4      | Killed from afar by an orc priest

Illustrated notes

Levels and vault maps discovered:
D:1:      tarquinn_simple_flora_water_d, layout_loops_ring,
          dreamdust_ecumenical_altar_angels_and_demons, minmay_pentomino_u2
D:2:      layout_basic, serial_shops, shop
D:3:      layout_basic, mainiacjoe_overflow_catwalk,
          mainiacjoe_overflow_brackets, nrook_uturn, hangedman_decor_points
D:4:      layout_rooms, mainiacjoe_overflow_chevrons

Skill      XL: |  1  2  3  4  5 |
---------------+----------------+-----
Invocations    | 1 2 |  2.1
Short Blades   | 1 |  1.9
Long Blades    | 1 |  1.9
Axes           | 1 |  1.9
Maces & Flails | 1 |  1.9
Staves         | 1 |  1.9
Ranged Weapons | 1 |  1.9
Throwing       | 1 |  1.9
Dodging        | 1 |  1.9
Stealth        | 1 |  1.9
Unarmed Combat | 1 |  1.9
Spellcasting   | 1 |  1.9
Evocations     | 1 |  1.9
Conjurations   | 1 |  1.5
Hexes          | 1 |  1.5
Summonings     | 1 |  1.5
Necromancy     | 1 |  1.5
Translocations | 1 |  1.5
Transmutations | 1 |  1.5
Fire Magic     | 1 |  1.5
Ice Magic      | 1 |  1.5
Air Magic      | 1 |  1.5
Earth Magic    | 1 |  1.5
Poison Magic   | 1 |  1.5
Fighting       | |  6.8
Polearms       | |  4.9
Armour         | |  6.8
Shields        | |  6.8

Action                   |  1- 3 |  4- 6 || total
-------------------------+-------+-------++-------
Melee: Trident           |    29 |       ||    29
       Scythe            |    36 |    34 ||    70
       Bite              |     1 |     1 ||     2
Throw: Stone             |       |     3 ||     3
  Use: Scroll            |     9 |       ||     9
Armor: Scale mail        |    14 |       ||    14
       Plate armour      |    13 |    38 ||    51
Dodge: Dodged            |    28 |    11 ||    39
Block: Buckler           |     3 |       ||     3
